 Dungeon Crawl Stone Soup version 0.25.1-2-g60ff931df9 (webtiles) character file.

Game seed: 15579059602599532428

11060 DearestLeader the Cleaver (level 11, -11/75 HPs)
             Began as a Demonspawn Abyssal Knight on Sept 23, 2020.
             Was an Elder of Lugonu.
             Mangled by a komodo dragon (26 damage)
             ... on level 2 of the Lair of Beasts.
             The game lasted 00:33:37 (16929 turns).

DearestLeader the Cleaver (DsAK)                   Turns: 16929, Time: 00:33:39

Health: -11/75     AC: 14    Str: 16    XL:     11   Next: 44%
Magic:  19/19      EV: 11    Int: 17    God:    Lugonu [****..]
Gold:   655        SH:  0    Dex: 12    Spells: 10/10 levels left

rFire    + . .     SeeInvis .   r - +2 war axe (vorpal)
rCold    . . .     Gourm    .   (no shield)
rNeg     . . .     Faith    .   l - +4 ring mail
rPois    +         Spirit   .   B - +1 hat {Int+3}
rElec    .         Reflect  .   G - +0 cloak
rCorr    .         Harm     .   (gloves unavailable)
MR       .....                  o - +0 pair of boots
Stlth    ++........             (no amulet)
HPRegen  0.22/turn              q - ring of stealth
MPRegen  0.16/turn              w - ring of poison resistance

@: no status effects
A: antennae 1, claws 3, demonic guardian 1, fire resistance 1
a: Depart the Abyss, Bend Space, Banish, Corrupt, Renounce Religion


You were on level 2 of the Lair of Beasts.
You worshipped Lugonu.
Lugonu was greatly pleased with you.
You were not hungry.

You visited 2 branches of the dungeon, and saw 12 of its levels.
You visited the Abyss 1 time.

You collected 655 gold pieces.

Inventory:

Hand Weapons
 r - a +2 vorpal war axe (weapon)
Missiles
 v - 15 poisoned darts (quivered)
Armour
 l - a +4 ring mail (worn)
 o - a +0 pair of boots (worn)
 t - a +0 chain mail
 x - a +0 buckler
 B - a +1 hat of intelligence (worn)
 G - a +0 cloak (worn)
 H - a +0 plate armour
 J - the +0 pair of boots of Honour {rC- MR++}
   (You found it on level 2 of the Lair of Beasts)

   It makes you vulnerable to cold.
   It affects your resistance to hostile enchantments.
Jewellery
 d - an uncursed ring of flight
 h - an uncursed ring of magical power
 m - an uncursed ring of fire
 n - a +6 ring of intelligence
 q - a ring of stealth (left claw)
 w - a ring of poison resistance (right claw)
 E - an uncursed ring of wizardry
 I - an uncursed ring of stealth
Wands
 a - a wand of random effects (16)
 y - a wand of disintegration (4)
 A - a wand of iceblast (12)
 C - a wand of flame (39)
 F - a wand of clouds (5)
Scrolls
 b - a scroll of magic mapping
 f - 8 scrolls of remove curse
 g - 2 scrolls of immolation
 p - a scroll of fog
 u - a scroll of holy word {unknown}
Potions
 e - a potion of haste
 i - 4 potions of curing
 j - 2 potions of flight
 k - 2 potions of invisibility
 z - 2 potions of stabbing
 D - a potion of brilliance {unknown}
Comestibles
 c - 24 rations


   Skills:
 - Level 3.3 Fighting
 * Level 11.9 Axes
 + Level 8.0 Armour
 + Level 2.3 Dodging
 + Level 11.9 Invocations


You had 10 spell levels left.
You didn't know any spells.
Your spell library contained the following spells:

 Spells                   Type           Power        Failure   Level  Hunger
 Sandblast                Erth           #.....       36%         1    ##.....
 Summon Small Mammal      Summ           #...         36%         1    ##.....
 Call Imp                 Summ           #.......     52%         2    ###....
 Passwall                 Tmut/Erth      #.......     52%         2    ###....
 Call Canine Familiar     Summ           #.......     75%         3    ####...
 Stone Arrow              Conj/Erth      #.....       75%         3    ####...
 Summon Guardian Golem    Hex/Summ       #.......     75%         3    ####...
 Petrify                  Tmut/Erth      #.......     98%         4    #####..
 Summon Ice Beast         Ice/Summ       #.......     98%         4    #####..
 Summon Lightning Spire   Summ/Air       #.......     98%         4    #####..
 Lee's Rapid Deconstruct  Erth           #.........   100%        5    ######.


Dungeon Overview and Level Annotations

Branches:
Dungeon (9/15)             Temple (0/1) D:5            Lair (3/6) D:9
 Shoals (0/4) Lair:3
  Snake: Lair:2-4    Spider: Lair:2-4       Orc: D:9-12

Altars:
Ashenzari
Cheibriados
Elyvilon
Hepliaklqana
Kikubaaqudgha
Okawaru
Sif Muna
Trog
Uskayaw
Vehumet
Zin
The Shining One
Beogh

Shops:
D:6 }}(   D:7 :

Annotations:
D:9 corrupted
Abyss:1 Grum; HawFromDerth's ghost, journeyman MiBe; Urug


Innate Abilities, Weirdness & Mutations

You have a pair of small antennae on your head.
You have claws for hands.
A weak demonic guardian rushes to your aid.
Your flesh is heat resistant. (rF+)


Message History

Unknown command.
The black mamba closely misses you.
The black mamba bites you but does no damage.
The komodo dragon closely misses you. The black mamba bites you!
* * * LOW HITPOINT WARNING * * *
Your quasit bites the komodo dragon but does no damage.
Your quasit claws the komodo dragon but does no damage.
Your quasit misses the komodo dragon.
Your quasit bites the komodo dragon but does no damage.
Your quasit claws the komodo dragon but does no damage. x2
The black mamba bites you.
* * * LOW HITPOINT WARNING * * *
You feel much better. The black mamba bites you!
* * * LOW HITPOINT WARNING * * *
Your quasit bites the komodo dragon but does no damage.
Your quasit claws the komodo dragon.
Your quasit barely misses the komodo dragon.
The komodo dragon bites you!!
You die...

#....##...#.....##...###P...##...
##....#..........##..##P....#####
.#....#..##......##..###.....####
.##...'.........####.#...........
..#...'.........P###+..#.........
..#...'..........................
.##...#..........................
##....#..#.....................>.
#....##.##...>.S@..............P.
...###...#P....l#.###.........P..
.###..........5..###..#..........
##.......##.....#....#.......#...
...#............##...##..........
..##............##....#..........
..###.#.#.#...........+..........
...#.###.##.....##...............
................##.####.......#..


You could see a komodo dragon, a black mamba and a friendly quasit (summoned).

Vanquished Creatures
  Maggie (Lair:2)
  A spiny frog (Lair:2)
  4 rime drakes
  A troll (D:9)
  5 hippogriffs
  4 hogs
  3 basilisks (Lair:1)
  A human (D:7)
  A hungry ghost (D:8)
  8 water moccasins
  3 porcupines
  2 sky beasts
  4 orc warriors
  3 black bears
  An ice beast (D:5)
  2 phantoms
  3 ogres
  9 wolves
  2 centaurs
  A crocodile (Lair:2)
  4 bullfrogs
  A spiny frog simulacrum (Lair:2)
  2 blink frog simulacra (Lair:2)
  2 scorpions
  A wyvern skeleton (D:9)
  An elephant simulacrum (Lair:2)
  3 killer bees (D:9)
  3 wights (D:6)
  2 bullfrog zombies
  4 crimson imps
  A quasit (D:7)
  A centaur zombie (D:9)
  A hippogriff simulacrum (Lair:2)
  6 orc priests
  2 centaur skeletons
  6 hounds
  2 jellies
  4 orc wizards
  A water moccasin simulacrum (Lair:2)
  Jessica (D:2)
  2 bullfrog skeletons
  3 iguanas
  Terence (D:2)
  2 worker ants
  A killer bee zombie (D:7)
  A basilisk simulacrum (Lair:2)
  A hound zombie (D:5)
  A hound skeleton (D:7)
  Robin (D:2)
  8 gnolls
  7 adders
  A shadow imp (D:5)
  2 oozes (D:4)
  4 worms
  3 dart slugs
  3 leopard geckos
  44 orcs
  A ball python (D:1)
  6 giant cockroaches
  16 goblins
  10 hobgoblins
  9 jackals
  3 quokkas
  6 bats
  2 frilled lizards
  A jackal skeleton (D:7)
  5 kobolds
  2 quokka skeletons
  8 rats
  A fungus (Lair:2)
  A plant (Lair:2)
263 creatures vanquished.

Vanquished Creatures (collateral kills)
  A komodo dragon (Lair:1)
  Sigmund (D:6)
  A porcupine (Lair:2)
  An ice beast (D:6)
  A sky beast (D:6)
  3 wolves
  An ogre (D:9)
  A gnoll sergeant (D:5)
  A bullfrog (D:7)
  A scorpion (D:6)
  A crimson imp (D:6)
  A centaur zombie (D:6)
  5 orcs (D:9)
19 creatures vanquished.

Vanquished Creatures (others)
  An ogre (D:4)
  4 electric eels (D:9)
  A worker ant (D:9)
  5 plants (D:8)
  2 starspawn tentacles (D:9)
13 creatures vanquished.

Grand Total: 295 creatures vanquished

Notes
Turn   | Place    | Note
-------+----------+-------------------------------------------
     0 | Abyss:1  | DearestLeader the Demonspawn Abyssal Knight began the quest
                  | for the Orb.
     0 | Abyss:1  | Reached XP level 1. HP: 18/18 MP: 2/2
    25 | Abyss:1  | Found a corrupted altar of Lugonu.
    56 | D:1      | Escaped the Abyss
   417 | D:1      | Gained mutation: You have sharp fingernails. [demonic
                  | ancestry]
   417 | D:1      | Reached XP level 2. HP: 24/24 MP: 3/3
   608 | D:1      | Reached skill level 1 in Dodging
   764 | D:1      | Reached ** piety under Lugonu
  1039 | D:2      | Gained mutation: You have very sharp fingernails. [demonic
                  | ancestry]
  1039 | D:2      | Reached XP level 3. HP: 20/29 MP: 3/5
  1457 | D:2      | Noticed Jessica
  1468 | D:2      | Killed Jessica
  1468 | D:2      | Reached XP level 4. HP: 19/35 MP: 6/6
  1882 | D:2      | Noticed Terence
  1892 | D:2      | Killed Terence
  2014 | D:2      | You fall into a shaft and drop 1 floor!
  2691 | D:2      | Gained mutation: You have a pair of small antennae on your
                  | head. [demonic ancestry]
  2691 | D:2      | Reached XP level 5. HP: 35/41 MP: 8/8
  2749 | D:2      | Noticed Robin
  2772 | D:2      | Killed Robin
  3280 | D:3      | Reached *** piety under Lugonu
  3451 | D:3      | Found a white marble altar of Elyvilon.
  3454 | D:3      | Found a hide-covered altar of Uskayaw.
  3457 | D:3      | Found an ancient bone altar of Kikubaaqudgha.
  3625 | D:3      | Found a hazy altar of Hepliaklqana.
  3954 | D:4      | Noticed an ogre
  3965 | D:4      | Banished an ogre
  3965 | D:4      | Reached XP level 6. HP: 19/47 MP: 9/9
  4203 | D:4      | Reached skill level 5 in Axes
  4203 | D:4      | Reached skill level 5 in Invocations
  4681 | D:4      | Found a shattered altar of Ashenzari.
  4863 | D:5      | Entered Level 5 of the Dungeon
  4863 | D:5      | Found a staircase to the Ecumenical Temple.
  5185 | D:5      | Gained mutation: A weak demonic guardian rushes to your
                  | aid. [demonic ancestry]
  5185 | D:5      | Reached XP level 7. HP: 49/52 MP: 11/11
  6485 | D:5      | Found a glowing golden altar of the Shining One.
  6770 | D:5      | Gained mutation: You have claws for hands. [demonic
                  | ancestry]
  6770 | D:5      | Reached XP level 8. HP: 32/58 MP: 12/12
  7428 | D:6      | Found Xutwyili's Weapon Shop.
  7481 | D:6      | Noticed Sigmund
  7497 | D:6      | Killed Sigmund
  7652 | D:6      | Found Esim's Gadget Shoppe.
  7655 | D:6      | Found a radiant altar of Vehumet.
  7951 | D:6      | Found Necetob's Gadget Shop.
  8330 | D:6      | Reached XP level 9. HP: 28/64 MP: 15/15
  9292 | D:7      | Reached skill level 5 in Armour
  9476 | D:7      | Reached **** piety under Lugonu
  9714 | D:7      | Found Muclaetz's Book Emporium.
 10856 | D:8      | Reached XP level 10. HP: 67/70 MP: 17/17
 11802 | D:9      | Found a glowing silver altar of Zin.
 11808 | D:9      | Found a shimmering blue altar of Sif Muna.
 11837 | D:9      | Reached skill level 10 in Axes
 11837 | D:9      | Reached skill level 10 in Invocations
 11932 | D:9      | Found a snail-covered altar of Cheibriados.
 12046 | D:9      | Found an iron altar of Okawaru.
 12112 | D:9      | Reached ***** piety under Lugonu
 12157 | D:9      | Noticed Grum
 12684 | D:9      | Found a bloodstained altar of Trog.
 12991 | D:9      | Found a roughly hewn altar of Beogh.
 12994 | D:9      | Banished Grum
 13261 | D:9      | Corrupted D:9
 13261 | D:9      | Noticed a green very ugly thing
 13261 | D:9      | Noticed a large abomination
 13261 | D:9      | Noticed a thrashing horror
 13261 | D:9      | Noticed an Executioner
 13261 | D:9      | Noticed a smoke demon
 13261 | D:9      | Noticed a starcursed mass
 13268 | D:9      | Noticed an apocalypse crab
 13269 | D:9      | Noticed a thrashing horror
 13297 | D:9      | Noticed a smoke demon
 13319 | D:9      | Found a staircase to the Lair.
 13327 | D:9      | Noticed a tentacled starspawn
 13335 | Lair:1   | Entered Level 1 of the Lair of Beasts
 15080 | Lair:2   | Gained mutation: Your flesh is heat resistant. (rF+)
                  | [demonic ancestry]
 15080 | Lair:2   | Reached XP level 11. HP: 33/75 MP: 19/19
 15907 | Lair:2   | Noticed Maggie
 15931 | Lair:2   | Killed Maggie
 16227 | Lair:2   | Noticed Urug
 16237 | Lair:2   | Banished Urug
 16444 | Lair:2   | Found a runed translucent gate.
 16444 | Lair:2   | Found a runed translucent gate.
 16444 | Lair:2   | Found a runed translucent gate.
 16542 | Lair:2   | Noticed HawFromDerth's ghost (journeyman MiBe)
 16544 | Lair:2   | Banished HawFromDerth's ghost
 16866 | Lair:2   | Got a pair of shimmering boots
 16876 | Lair:2   | Identified the +0 pair of boots of Honour {rC- MR++} (You
                  | found it on level 2 of the Lair of Beasts)
 16910 | Lair:3   | Found a staircase to the Shoals.
 16928 | Lair:2   | HP: 3/75 [black mamba (6)]
 16929 | Lair:2   | Mangled by a komodo dragon

Illustrated notes

Levels and vault maps discovered:
D:1:      wander_arrival_fairy_ring, layout_basic, minmay_misc_feat_roman
D:2:      layout_loops_cross, uniq_jessica, uniq_robin, uniq_terence
D:3:      layout_loops_cross, lemuel_crystal_altar,
          grunt_temple_overflow_diamond, minmay_large_rounded_square
D:4:      layout_cave_pools, evilmike_ruin_ashenzari
D:5:      layout_basic, tso_oasis_becter, minmay_temple_entry_purple_smoke,
          first_ration, serial_corexii_hall, corexii_hall_statues_x,
          corexii_hall_statues_l
D:6:      layout_basic, overflow_temple_1_default, serial_shops,
          nicolae_shop_behind_doors, shop, nicolae_shop_statue_plus,
          nrook_mini_vaults, corexii_leaking_fountain, uniq_sigmund
D:7:      layout_gridville, serial_shops, nicolae_shop_statue_plus,
          grunt_livestock
D:8:      layout_rooms, minmay_misc_feat_cross, nicolae_looking_at_the_future
D:9:      layout_roguey [special_room_orc], minitemple, slow_altar_2,
          bloody_trog, erik_lair_island, basic_altar, uniq_grum
Lair:1:   layout_roguey, fungi_pond_lemuel, beast_lair_carwin_11,
          grunt_megastairs_2
Lair:2:   layout_regular_city, gammafunk_ghost_icy, grunt_megastairs_4,
          infiniplex_staircase_pool, serial_bayou_shore_a, uniq_maggie,
          uniq_urug
Lair:3:   layout_misc_corridors, elwin_shoals_entry_rocks, enter_volcano_3,
          minivault_25, lemuel_fruit_fields

Skill      XL: |  1  2  3  4  5  6  7  8  9 10 11 |
---------------+----------------------------------+-----
Axes           | 2 3 4 5 6 8 9 11 | 11.9
Dodging        | 1 2 |  2.3
Armour         | 2 3 4 6 7 8 |  8.0
Invocations    | 3 4 5 6 8 9 11 | 11.9
Fighting       | |  3.3

Action                   |  1- 3 |  4- 6 |  7- 9 | 10-12 || total
-------------------------+-------+-------+-------+-------++-------
Melee: Hand axe          |    94 |   196 |       |       ||   290
       War axe           |       |    33 |   357 |   450 ||   840
       Trident           |       |    17 |       |       ||    17
Throw: Dart              |       |    12 |    18 |     6 ||    36
Invok: Banish            |       |     1 |     1 |     3 ||     5
       Corrupt           |       |       |       |     1 ||     1
Evoke: Wand              |       |       |     3 |     2 ||     5
  Use: Scroll            |       |     3 |     1 |    11 ||    15
       Potion            |       |       |     1 |     3 ||     4
 Stab: Distracted        |       |       |     5 |       ||     5
       Sleeping          |       |       |       |     1 ||     1
  Eat: Chunk             |     1 |    12 |     9 |    13 ||    35
       Ration            |       |       |     3 |     3 ||     6
Armor: Leather armour    |    37 |       |       |       ||    37
       Ring mail         |       |    86 |   146 |   199 ||   431
       Chain mail        |       |    40 |    59 |       ||    99
Dodge: Dodged            |    53 |   137 |   180 |   279 ||   649
